Wild vs Rangers
Created - 2 mars 2013 at 23:22
Goals
|
| Wild |
0 |
0 |
0 |
0 |
| Rangers |
0 |
3 |
2 |
5 |
|
Shots
|
| Wild |
8 |
13 |
4 |
25 |
| Rangers |
6 |
9 |
15 |
30 |
|
1st period
No Goal
Penalties :
Mark Recchi (Min) for Tripping (Minor) at 7:42, Johan Franzen (NYR) for Roughing (Minor) at 12:06, Johan Franzen (NYR) for Tripping (Minor) at 18:43
2nd period
1. Rangers , Brad Richards 25 (Alexandre Burrows, Patrice Bergeron) at 5:09
2. Rangers , Milan Lucic 21 (Kimmo Timonen, Bryan Berard) at 5:34 (PP)
3. Rangers , Bobby Holik 8 (Jarkko Ruutu) at 7:16
Penalties :
Chris Drury (Min) for Hooking (Minor) at 5:18, Milan Lucic (NYR) for High sticking (Minor) at 8:51, Vaclav Prospal (Min) for Tripping (Minor) at 8:51, Bobby Holik (NYR) for Hooking (Minor) at 13:03, Vaclav Prospal (Min) for Interference (Minor) at 13:03, Niclas Wallin (Min) for High sticking (Minor) at 18:00
3rd period
4. Rangers , Martin Lapointe 2 (Kyle McLaren, Cam Barker) at 0:56
5. Rangers , Johan Franzen 23 (Cam Barker, Alexandre Burrows) at 18:21
Penalties :
Chris Higgins (Min) for Roughing (Minor) at 4:56, Kimmo Timonen (NYR) for Interference (Minor) at 9:18
Goalie Stats
Jamie Storr (Min), 10 saves from 11 shots - (0,909), 19:04 minutes
Martin Brodeur (Min), 15 saves from 19 shots - (0,789), L, 19-18-2, 40:56 minutes
Henrik Lundqvist (NYR), 25 saves from 25 shots - (1,000), W, 25-13-2, 60:00 minutes
Players Stats for Wild
Player Name G A P +/- PIM S H SB GA TA FO MP PP MP PK MP
------------------------------------------------------------------------------------
Adam Deadmarsh 0 0 0 -1 0 3 1 0 0 0 1/2 13:39 0:00 1:47
Anson Carter 0 0 0 -1 0 0 1 0 1 0 0/3 15:58 2:38 0:00
Bret Hedican 0 0 0 -3 0 0 2 1 0 1 0/0 21:25 2:41 2:20
Chris Drury 0 0 0 -2 2 4 1 1 0 0 14/25 22:00 3:19 2:30
Chris Higgins 0 0 0 -1 2 4 0 0 1 1 0/1 12:22 0:00 1:00
Danil Markov 0 0 0 0 0 0 0 0 0 0 0/0 2:34 0:00 0:00
Fedor Tyutin 0 0 0 -3 0 1 2 2 0 0 0/0 21:03 2:41 2:20
Jozef Stumpel 0 0 0 -2 0 2 2 0 0 1 0/0 20:37 3:19 2:14
Mark Recchi 0 0 0 -2 2 4 1 0 1 0 3/5 23:30 2:59 2:12
Mike Green 0 0 0 -1 0 2 2 1 0 1 0/0 26:51 3:16 3:53
Mike Knuble 0 0 0 0 0 0 1 0 0 0 0/0 5:44 0:00 0:00
Mike Ricci 0 0 0 -1 0 1 1 0 0 0 1/4 14:01 0:20 1:32
Nathan Dempsey 0 0 0 -1 0 1 0 2 0 0 0/0 24:39 3:16 3:53
Niclas Wallin 0 0 0 0 2 0 0 1 0 0 0/0 11:43 0:00 0:00
R.J. Umberger 0 0 0 -1 0 1 2 0 0 0 0/0 16:17 2:38 0:10
Rod Brind'Amour 0 0 0 0 0 0 0 0 0 0 1/1 7:23 0:00 0:00
Shane Hnidy 0 0 0 0 0 1 0 0 1 0 0/0 11:44 0:00 0:00
Vaclav Prospal 0 0 0 -1 4 1 3 0 2 0 6/12 18:13 2:38 1:01
Players Stats for Rangers
Player Name G A P +/- PIM S H SB GA TA FO MP PP MP PK MP
------------------------------------------------------------------------------------
Alexandre Burrows 0 2 2 2 0 0 0 0 0 0 0/0 5:49 0:03 0:42
Bobby Holik 1 0 1 2 2 5 4 1 0 0 6/10 15:55 0:33 0:32
Brad Richards 1 0 1 1 0 2 2 0 0 1 8/20 24:11 3:13 3:20
Brent Seabrook 0 0 0 1 0 0 0 0 0 0 0/0 10:29 0:00 0:00
Bryan Berard 0 1 1 0 0 0 0 1 0 1 0/0 24:32 3:39 2:48
Cam Barker 0 2 2 3 0 0 0 0 0 0 0/0 20:14 2:34 2:55
Ian Laperriere 0 0 0 0 0 3 3 1 0 1 0/0 14:42 2:50 0:00
Jarkko Ruutu 0 1 1 2 0 0 1 0 0 1 1/1 15:21 0:00 1:35
Jeremy Roenick 0 0 0 0 0 0 2 0 0 1 9/15 20:25 2:43 3:27
Johan Franzen 1 0 1 1 4 1 0 0 0 0 2/3 18:12 3:00 0:36
Kimmo Timonen 0 1 1 0 2 2 1 0 1 0 0/0 27:48 3:39 2:13
Kyle McLaren 0 1 1 3 0 2 0 0 1 0 0/0 19:43 2:34 2:55
Martin Lapointe 1 0 1 2 0 4 1 0 0 0 0/1 13:02 0:04 0:00
Matt Greene 0 0 0 1 0 0 0 2 0 0 0/0 12:32 0:00 0:49
Mike Commodore 0 0 0 0 0 2 0 0 0 0 0/0 5:16 0:00 0:14
Milan Lucic 1 0 1 0 2 4 2 0 2 0 0/0 18:54 2:57 1:42
Patrice Bergeron 0 1 1 2 0 2 4 0 0 0 1/3 8:58 0:26 0:00
Patrick Sharp 0 0 0 0 0 3 1 0 0 1 0/0 13:57 2:50 0:00
3 Stars
1 - Henrik Lundqvist (NYR)
2 - Cam Barker (NYR)
3 - Bobby Holik (NYR)
Power Play
Wild - 0 on 3 Attempt(s) - 0,00%
Rangers - 1 on 4 Attempt(s) - 25,00%
Penalty Kill
Wild - 3 on 4 Attempt(s) - 75,00%
- Score 0 goal in Penalty Kill
Rangers - 3 on 3 Attempt(s) - 100,00%
- Score 0 goal in Penalty Kill
Official
Referees : Fraser Kerry and Devorski Paul
Linesman : Mark Shewchyk and Ryan Galloway
Game Notes
Jamie Storr enters game at 0:56 of 3rd period
Finance
Level 1 -- Attendance: 5455 (90,92%) -- Ticket Income 490 950 $
Level 2 -- Attendance: 4908 (98,16%) -- Ticket Income 269 940 $
Level 3 -- Attendance: 1964 (98,20%) -- Ticket Income 58 920 $
Level 4 -- Attendance: 3460 (86,50%) -- Ticket Income 69 200 $
Luxury Box -- Attendance: 987 (98,70%) -- Ticket Income 172 725 $
Game was played at the Madison Square Garden
Total Attendance: 16774 (93,19%)
Total Ticket Income: 1 061 735 $
Total Income: 1 061 735 $
Wild
5 vs 5 Forward
Center Left Wing Right Wing Time % Phy DF OF
1 Chris Drury Jozef Stumpel Mark Recchi 40 1 2 2
2 Vaclav Prospal R.J. Umberger Anson Carter 30 1 2 2
3 Mike Ricci Chris Higgins Adam Deadmarsh 20 1 2 2
4 Rod Brind'Amour Mark Recchi Mike Knuble 10 1 2 2
5 vs 5 Defense
Defense Defense Time % Phy DF OF
1 Mike Green Nathan Dempsey 40 1 2 2
2 Fedor Tyutin Bret Hedican 30 1 2 2
3 Niclas Wallin Shane Hnidy 20 1 2 2
4 Danil Markov Mike Green 10 1 2 2
PowerPlay Forward
Center Left Wing Right Wing Time % Phy DF OF
1 Chris Drury Jozef Stumpel Mark Recchi 60 1 2 2
2 Vaclav Prospal R.J. Umberger Anson Carter 40 1 2 2
PowerPlay Defense
Defense Defense Time % Phy DF OF
1 Mike Green Nathan Dempsey 60 1 2 2
2 Fedor Tyutin Bret Hedican 40 1 2 2
Penalty Kill 4 Players Forward
Center Wing Time % Phy DF OF
1 Mark Recchi Chris Drury 60 1 2 2
2 Jozef Stumpel Vaclav Prospal 40 1 2 2
Penalty Kill 4 Players Defense
Defense Defense Time % Phy DF OF
1 Mike Green Nathan Dempsey 60 1 2 2
2 Fedor Tyutin Bret Hedican 40 1 2 2
Penalty Kill - 3 Players Forward
Forward Time % Phy DF OF
1 Mark Recchi 60 1 2 2
2 Chris Drury 40 1 2 2
Penalty Kill - 3 Players Defense
Defense Defense Time % Phy DF OF
1 Mike Green Nathan Dempsey 60 1 2 2
2 Fedor Tyutin Bret Hedican 40 1 2 2
4 vs 4 Forward
Center Wing Time % Phy DF OF
1 Mark Recchi Chris Drury 60 1 2 2
2 Jozef Stumpel Vaclav Prospal 40 1 2 2
4 vs 4 Defense
Defense Defense Time % Phy DF OF
1 Mike Green Nathan Dempsey 60 1 2 2
2 Fedor Tyutin Bret Hedican 40 1 2 2
Last Minutes Offensive
Center Left Wing Right Wing Defense Defense
Chris Drury Jozef Stumpel Mark Recchi Mike Green Nathan Dempsey
Last Minutes Defensive
Center Left Wing Right Wing Defense Defense
Chris Drury Jozef Stumpel Mark Recchi Mike Green Nathan Dempsey
Goaltenders
Starting : Martin Brodeur
Backup : Jamie Storr
Extra Forwards
Normal : Mike Ricci, Rod Brind'Amour, Adam Deadmarsh - PP : Mike Ricci, Rod Brind'Amour - PK : Adam Deadmarsh
Extra Defensemen
Normal : Niclas Wallin, Shane Hnidy, Danil Markov - PP : Niclas Wallin - PK : Shane Hnidy, Danil Markov
Penalty Shots
Mark Recchi, Chris Drury, Jozef Stumpel, Vaclav Prospal, Mike Ricci
Rangers
5 vs 5 Forward
Center Left Wing Right Wing Time % Phy DF OF
1 Brad Richards Milan Lucic Johan Franzen 40 1 2 2
2 Jeremy Roenick Patrick Sharp Ian Laperriere 30 1 2 2
3 Bobby Holik Jarkko Ruutu Martin Lapointe 20 1 2 2
4 Patrice Bergeron Alexandre Burrows Brad Richards 10 1 2 2
5 vs 5 Defense
Defense Defense Time % Phy DF OF
1 Kimmo Timonen Bryan Berard 40 1 2 2
2 Cam Barker Kyle McLaren 30 1 2 2
3 Brent Seabrook Matt Greene 20 1 2 2
4 Mike Commodore Kimmo Timonen 10 1 2 2
PowerPlay Forward
Center Left Wing Right Wing Time % Phy DF OF
1 Brad Richards Milan Lucic Johan Franzen 60 1 2 2
2 Jeremy Roenick Patrick Sharp Ian Laperriere 40 1 2 2
PowerPlay Defense
Defense Defense Time % Phy DF OF
1 Kimmo Timonen Bryan Berard 60 1 2 2
2 Cam Barker Kyle McLaren 40 1 2 2
Penalty Kill 4 Players Forward
Center Wing Time % Phy DF OF
1 Brad Richards Jeremy Roenick 60 1 2 2
2 Johan Franzen Milan Lucic 40 1 2 2
Penalty Kill 4 Players Defense
Defense Defense Time % Phy DF OF
1 Kimmo Timonen Bryan Berard 60 1 2 2
2 Cam Barker Kyle McLaren 40 1 2 2
Penalty Kill - 3 Players Forward
Forward Time % Phy DF OF
1 Brad Richards 60 1 2 2
2 Jeremy Roenick 40 1 2 2
Penalty Kill - 3 Players Defense
Defense Defense Time % Phy DF OF
1 Kimmo Timonen Bryan Berard 60 1 2 2
2 Cam Barker Kyle McLaren 40 1 2 2
4 vs 4 Forward
Center Wing Time % Phy DF OF
1 Brad Richards Jeremy Roenick 60 1 2 2
2 Johan Franzen Milan Lucic 40 1 2 2
4 vs 4 Defense
Defense Defense Time % Phy DF OF
1 Kimmo Timonen Bryan Berard 60 1 2 2
2 Cam Barker Kyle McLaren 40 1 2 2
Last Minutes Offensive
Center Left Wing Right Wing Defense Defense
Brad Richards Milan Lucic Johan Franzen Kimmo Timonen Bryan Berard
Last Minutes Defensive
Center Left Wing Right Wing Defense Defense
Brad Richards Milan Lucic Johan Franzen Kimmo Timonen Bryan Berard
Goaltenders
Starting : Henrik Lundqvist
Backup : Hannu Toivonen
Extra Forwards
Normal : Bobby Holik, Patrice Bergeron, Jarkko Ruutu - PP : Bobby Holik, Patrice Bergeron - PK : Jarkko Ruutu
Extra Defensemen
Normal : Brent Seabrook, Matt Greene, Mike Commodore - PP : Brent Seabrook - PK : Matt Greene, Mike Commodore
Penalty Shots
Brad Richards, Jeremy Roenick, Johan Franzen, Milan Lucic, Patrick Sharp
% Time on Ice - Wild
Lines # - Real PCT - Wanted PCT - Time Play
Normal Forward
1 - 30% - 40% - 13:01
2 - 33% - 30% - 14:35
3 - 24% - 20% - 10:32
4 - 13% - 10% - 5:44
Normal Defense
1 - 35% - 40% - 15:22
2 - 32% - 30% - 14:12
3 - 27% - 20% - 11:44
4 - 6% - 10% - 2:34
PP Forward
1 - 56% - 60% - 3:19
2 - 44% - 40% - 2:38
PP Defense
1 - 55% - 60% - 3:16
2 - 45% - 40% - 2:41
PK Forward
1 - 84% - 60% - 5:12
2 - 16% - 40% - 1:01
PK Defense
1 - 62% - 60% - 3:53
2 - 38% - 40% - 2:20
PK3 Forward
1 - 0% - 60%
2 - 0% - 40%
PK3 Defense
1 - 0% - 60%
2 - 0% - 40%
44 Forward
1 - 82% - 60% - 3:16
2 - 18% - 40% - 0:42
44 Defense
1 - 54% - 60% - 2:08
2 - 46% - 40% - 1:50
Last Minute Offensive - 0:00
Last Minute Defensive - 0:00
Total
Forward - 60:00
Defense - 60:00
|
% Time on Ice - Rangers
Lines # - Real PCT - Wanted PCT - Time Play
Normal Forward
1 - 37% - 40% - 16:01
2 - 25% - 30% - 11:07
3 - 28% - 20% - 12:29
4 - 10% - 10% - 4:15
Normal Defense
1 - 40% - 40% - 17:24
2 - 29% - 30% - 12:42
3 - 24% - 20% - 10:29
4 - 7% - 10% - 3:17
PP Forward
1 - 54% - 60% - 3:23
2 - 46% - 40% - 2:50
PP Defense
1 - 59% - 60% - 3:39
2 - 41% - 40% - 2:34
PK Forward
1 - 71% - 60% - 4:15
2 - 29% - 40% - 1:42
PK Defense
1 - 51% - 60% - 3:02
2 - 49% - 40% - 2:55
PK3 Forward
1 - 0% - 60%
2 - 0% - 40%
PK3 Defense
1 - 0% - 60%
2 - 0% - 40%
44 Forward
1 - 75% - 60% - 2:59
2 - 25% - 40% - 0:59
44 Defense
1 - 61% - 60% - 2:26
2 - 39% - 40% - 1:32
Last Minute Offensive - 0:00
Last Minute Defensive - 0:00
Total
Forward - 60:00
Defense - 60:00
|
Play by Play
1st period
0:01 of 1st period - Mark Recchi wins face-off versus Brad Richards in neutral zone.
0:04 of 1st period - Brad Richards is hit by Mark Recchi and loses puck.
0:29 of 1st period - Wrist shot by Vaclav Prospal.
0:29 of 1st period - Stopped by Henrik Lundqvist without a rebound.
0:30 of 1st period - Mike Ricci wins face-off versus Jeremy Roenick in Rangers zone.
0:55 of 1st period - Slapshot by Patrick Sharp.
0:55 of 1st period - Shot Blocked by Fedor Tyutin.
0:59 of 1st period - Snap shot by Patrick Sharp.
0:59 of 1st period - Shot Blocked by Fedor Tyutin.
1:01 of 1st period - Wrist shot by Ian Laperriere.
1:01 of 1st period - Stopped by Martin Brodeur with a rebound.
1:20 of 1st period - Backhand shot by Jeremy Roenick.
1:20 of 1st period - Shot Misses the Net.
1:22 of 1st period - Snap shot by Ian Laperriere.
1:22 of 1st period - Stopped by Martin Brodeur without a rebound.
1:23 of 1st period - Bobby Holik wins face-off versus Vaclav Prospal in Wild zone.
1:49 of 1st period - Mike Commodore is hit by Mike Ricci and loses puck.
4:40 of 1st period - Chris Drury is hit by Patrice Bergeron and loses puck.
5:25 of 1st period - Shane Hnidy is hit by Ian Laperriere.
5:35 of 1st period - Kimmo Timonen is hit by Adam Deadmarsh.
5:47 of 1st period - Icing by Kimmo Timonen.
5:48 of 1st period - Vaclav Prospal wins face-off versus Patrice Bergeron in Rangers zone.
6:13 of 1st period - Off-side.
6:14 of 1st period - Chris Drury wins face-off versus Bobby Holik in neutral zone.
6:17 of 1st period - Slapshot by Chris Drury.
6:17 of 1st period - Shot Misses the Net.
6:36 of 1st period - Icing by Cam Barker.
6:37 of 1st period - Bobby Holik wins face-off versus Anson Carter in Rangers zone.
6:49 of 1st period - Slapshot by Milan Lucic.
6:49 of 1st period - Shot Misses the Net.
6:51 of 1st period - Slapshot by Kyle McLaren.
6:51 of 1st period - Stopped by Martin Brodeur without a rebound.
6:52 of 1st period - Chris Drury wins face-off versus Jeremy Roenick in Wild zone.
7:07 of 1st period - Slapshot by Chris Drury.
7:07 of 1st period - Stopped by Henrik Lundqvist without a rebound.
7:08 of 1st period - Vaclav Prospal wins face-off versus Brad Richards in Rangers zone.
7:15 of 1st period - Nathan Dempsey is hit by Milan Lucic.
7:40 of 1st period - Slapshot by Kimmo Timonen.
7:40 of 1st period - Shot Blocked by Bret Hedican.
7:42 of 1st period - Slapshot by Kimmo Timonen.
7:42 of 1st period - Stopped by Martin Brodeur without a rebound.
7:42 of 1st period - Minor Penalty to Mark Recchi for Tripping.
7:43 of 1st period - Brad Richards wins face-off versus Adam Deadmarsh in Wild zone.
7:54 of 1st period - Snap shot by Brad Richards.
7:54 of 1st period - Shot Blocked by Chris Drury.
9:14 of 1st period - Mike Green is hit by Jeremy Roenick and loses puck.
9:42 of 1st period - Penalty to Mark Recchi is over, Mark Recchi is back on ice.
10:45 of 1st period - Martin Lapointe is hit by Bret Hedican and loses puck.
11:40 of 1st period - Snap shot by R.J. Umberger.
11:40 of 1st period - Shot Misses the Net.
11:42 of 1st period - Slapshot by Anson Carter.
11:42 of 1st period - Shot Misses the Net.
12:06 of 1st period - Minor Penalty to Johan Franzen for Roughing.
12:07 of 1st period - Brad Richards wins face-off versus Chris Drury in Rangers zone.
12:24 of 1st period - Brad Richards is hit by Mike Green and loses puck.
13:23 of 1st period - Milan Lucic is hit by Mike Green and loses puck.
13:52 of 1st period - Chris Drury is hit by Bobby Holik and loses puck.
14:06 of 1st period - Penalty to Johan Franzen is over, Johan Franzen is back on ice.
15:38 of 1st period - Mike Ricci is hit by Brad Richards and loses puck.
15:51 of 1st period - Slapshot by Kimmo Timonen.
15:51 of 1st period - Deflect By Martin Lapointe.
15:51 of 1st period - Shot Misses the Net.
15:51 of 1st period - Puck is out of play.
15:52 of 1st period - Bobby Holik wins face-off versus Chris Drury in Wild zone.
15:53 of 1st period - Snap shot by Jarkko Ruutu.
15:53 of 1st period - Shot Misses the Net.
15:55 of 1st period - Snap shot by Bobby Holik.
15:55 of 1st period - Stopped by Martin Brodeur with a rebound.
15:57 of 1st period - Slapshot by Bobby Holik.
15:57 of 1st period - Stopped by Martin Brodeur without a rebound.
15:58 of 1st period - Jeremy Roenick wins face-off versus Chris Drury in Wild zone.
16:43 of 1st period - Snap shot by Mike Ricci.
16:43 of 1st period - Deflect By Chris Higgins.
16:43 of 1st period - Stopped by Henrik Lundqvist with a rebound.
16:49 of 1st period - Slapshot by Adam Deadmarsh.
16:49 of 1st period - Shot Blocked by Bobby Holik.
16:53 of 1st period - Wrist shot by Adam Deadmarsh.
16:53 of 1st period - Stopped by Henrik Lundqvist without a rebound.
16:54 of 1st period - Jeremy Roenick wins face-off versus Chris Drury in Rangers zone.
17:45 of 1st period - Icing by Anson Carter.
17:46 of 1st period - Adam Deadmarsh wins face-off versus Bobby Holik in Wild zone.
17:46 of 1st period - Adam Deadmarsh is hit by Martin Lapointe.
18:02 of 1st period - Wrist shot by Adam Deadmarsh.
18:02 of 1st period - Deflect By Chris Higgins.
18:02 of 1st period - Stopped by Henrik Lundqvist with a rebound.
18:23 of 1st period - Chris Drury is hit by Brad Richards and loses puck.
18:43 of 1st period - Minor Penalty to Johan Franzen for Tripping.
18:44 of 1st period - Vaclav Prospal wins face-off versus Brad Richards in Rangers zone.
18:57 of 1st period - Slapshot by Mike Green.
18:57 of 1st period - Deflect By Jeremy Roenick.
18:57 of 1st period - Stopped by Henrik Lundqvist without a rebound.
18:58 of 1st period - Chris Drury wins face-off versus Brad Richards in Rangers zone.
19:09 of 1st period - Slapshot by Mark Recchi.
19:09 of 1st period - Stopped by Henrik Lundqvist with a rebound.
19:11 of 1st period - Snap shot by Mark Recchi.
19:11 of 1st period - Stopped by Henrik Lundqvist with a rebound.
19:13 of 1st period - Wrist shot by Jozef Stumpel.
19:13 of 1st period - Shot Misses the Net.
19:54 of 1st period - Mark Recchi is hit by Jeremy Roenick and loses puck.
2nd period
0:01 of 2nd period - Brad Richards wins face-off versus Chris Drury in neutral zone.
0:36 of 2nd period - Off-side.
0:37 of 2nd period - Jarkko Ruutu wins face-off versus Vaclav Prospal in neutral zone.
0:42 of 2nd period - Wrist shot by Jarkko Ruutu.
0:42 of 2nd period - Deflect By Milan Lucic.
0:42 of 2nd period - Shot Misses the Net.
0:42 of 2nd period - Puck is out of play.
0:43 of 2nd period - Penalty to Johan Franzen is over, Johan Franzen is back on ice.
0:43 of 2nd period - Brad Richards wins face-off versus Vaclav Prospal in Wild zone.
0:44 of 2nd period - Slapshot by Milan Lucic.
0:44 of 2nd period - Stopped by Martin Brodeur without a rebound.
0:45 of 2nd period - Vaclav Prospal wins face-off versus Brad Richards in Wild zone.
0:55 of 2nd period - Off-side.
0:56 of 2nd period - Brad Richards wins face-off versus Chris Drury in neutral zone.
1:28 of 2nd period - Snap shot by Brad Richards.
1:28 of 2nd period - Shot Misses the Net.
1:30 of 2nd period - Slapshot by Cam Barker.
1:30 of 2nd period - Shot Blocked by Nathan Dempsey.
1:32 of 2nd period - Wrist shot by Johan Franzen.
1:32 of 2nd period - Shot Blocked by Nathan Dempsey.
2:08 of 2nd period - Chris Drury is hit by Ian Laperriere and loses puck.
2:15 of 2nd period - Wrist shot by Patrick Sharp.
2:15 of 2nd period - Deflect By Chris Drury.
2:15 of 2nd period - Stopped by Martin Brodeur without a rebound.
2:16 of 2nd period - Chris Drury wins face-off versus Jeremy Roenick in Wild zone.
2:29 of 2nd period - Wrist shot by Patrick Sharp.
2:29 of 2nd period - Shot Blocked by Niclas Wallin.
3:05 of 2nd period - Wrist shot by Mike Ricci.
3:05 of 2nd period - Shot Hit the Post.
3:07 of 2nd period - Snap shot by Fedor Tyutin.
3:07 of 2nd period - Shot Misses the Net.
3:09 of 2nd period - Slapshot by Fedor Tyutin.
3:09 of 2nd period - Shot Blocked by Ian Laperriere.
3:11 of 2nd period - Wrist shot by Mike Ricci.
3:11 of 2nd period - Shot Blocked by Matt Greene.
3:45 of 2nd period - Snap shot by Brad Richards.
3:45 of 2nd period - Deflect By Mark Recchi.
3:45 of 2nd period - Shot Misses the Net.
3:45 of 2nd period - Puck is out of play.
3:46 of 2nd period - Chris Drury wins face-off versus Bobby Holik in Wild zone.
3:53 of 2nd period - Icing by Bobby Holik.
3:54 of 2nd period - Bobby Holik wins face-off versus Vaclav Prospal in Rangers zone.
3:59 of 2nd period - Wrist shot by Jarkko Ruutu.
3:59 of 2nd period - Shot Misses the Net.
5:01 of 2nd period - Wrist shot by R.J. Umberger.
5:01 of 2nd period - Deflect By Anson Carter.
5:01 of 2nd period - Shot Misses the Net.
5:01 of 2nd period - Puck is out of play.
5:02 of 2nd period - Vaclav Prospal wins face-off versus Brad Richards in Rangers zone.
5:03 of 2nd period - Wrist shot by R.J. Umberger.
5:03 of 2nd period - Stopped by Henrik Lundqvist without a rebound.
5:04 of 2nd period - Patrice Bergeron wins face-off versus Anson Carter in Rangers zone.
5:09 of 2nd period - Wrist shot by Brad Richards.
5:09 of 2nd period - Goal by Brad Richards - Wild : 0 - Rangers : 1.
5:10 of 2nd period - Chris Drury wins face-off versus Brad Richards in neutral zone.
5:18 of 2nd period - Minor Penalty to Chris Drury for Hooking.
5:19 of 2nd period - Mark Recchi wins face-off versus Johan Franzen in Wild zone.
5:34 of 2nd period - Snap shot by Milan Lucic.
5:34 of 2nd period - Goal by Milan Lucic - Wild : 0 - Rangers : 2.
5:35 of 2nd period - Brad Richards wins face-off versus Chris Drury in neutral zone.
6:43 of 2nd period - Snap shot by Brad Richards.
6:43 of 2nd period - Stopped by Martin Brodeur without a rebound.
6:44 of 2nd period - Jeremy Roenick wins face-off versus Chris Drury in Wild zone.
6:47 of 2nd period - Snap shot by Ian Laperriere.
6:47 of 2nd period - Stopped by Martin Brodeur with a rebound.
7:11 of 2nd period - Mark Recchi is hit by Bobby Holik and loses puck.
7:16 of 2nd period - Snap shot by Bobby Holik.
7:16 of 2nd period - Goal by Bobby Holik - Wild : 0 - Rangers : 3.
7:17 of 2nd period - Jeremy Roenick wins face-off versus Chris Drury in neutral zone.
7:44 of 2nd period - R.J. Umberger is hit by Kimmo Timonen and loses puck.
7:49 of 2nd period - Snap shot by Milan Lucic.
7:49 of 2nd period - Stopped by Martin Brodeur with a rebound.
7:57 of 2nd period - Snap shot by Brad Richards.
7:57 of 2nd period - Shot Blocked by Mike Green.
8:11 of 2nd period - Slapshot by Mike Ricci.
8:11 of 2nd period - Stopped by Henrik Lundqvist with a rebound.
8:13 of 2nd period - Slapshot by Shane Hnidy.
8:13 of 2nd period - Stopped by Henrik Lundqvist with a rebound.
8:15 of 2nd period - Wrist shot by Chris Higgins.
8:15 of 2nd period - Stopped by Henrik Lundqvist without a rebound.
8:16 of 2nd period - Jeremy Roenick wins face-off versus Chris Drury in Rangers zone.
8:16 of 2nd period - Jeremy Roenick is hit by Chris Drury.
8:26 of 2nd period - Wrist shot by Patrick Sharp.
8:26 of 2nd period - Stopped by Martin Brodeur without a rebound.
8:27 of 2nd period - Chris Drury wins face-off versus Brad Richards in Wild zone.
8:45 of 2nd period - Icing by Bryan Berard.
8:46 of 2nd period - Brad Richards wins face-off versus Vaclav Prospal in Rangers zone.
8:46 of 2nd period - Brad Richards is hit by Fedor Tyutin.
8:51 of 2nd period - Minor Penalty to Milan Lucic for High sticking.
8:51 of 2nd period - Minor Penalty to Vaclav Prospal for Tripping.
8:52 of 2nd period - Chris Drury wins face-off versus Brad Richards in neutral zone.
8:57 of 2nd period - Snap shot by Chris Drury.
8:57 of 2nd period - Stopped by Henrik Lundqvist with a rebound.
9:43 of 2nd period - Wrist shot by Mike Ricci.
9:43 of 2nd period - Shot Misses the Net.
10:03 of 2nd period - Fedor Tyutin is hit by Bobby Holik and loses puck.
10:16 of 2nd period - Adam Deadmarsh is hit by Patrice Bergeron.
10:23 of 2nd period - Kimmo Timonen is hit by Jozef Stumpel and loses puck.
10:51 of 2nd period - Penalty to Milan Lucic is over, Milan Lucic is back on ice.
10:51 of 2nd period - Penalty to Vaclav Prospal is over, Vaclav Prospal is back on ice.
11:04 of 2nd period - Icing by Shane Hnidy.
11:05 of 2nd period - Bobby Holik wins face-off versus Anson Carter in Wild zone.
11:26 of 2nd period - Matt Greene is hit by Vaclav Prospal.
11:32 of 2nd period - Snap shot by Anson Carter.
11:32 of 2nd period - Shot Misses the Net.
11:48 of 2nd period - R.J. Umberger is hit by Bobby Holik and loses puck.
11:59 of 2nd period - Martin Lapointe is hit by R.J. Umberger and loses puck.
12:52 of 2nd period - Wrist shot by Martin Lapointe.
12:52 of 2nd period - Shot Misses the Net.
12:54 of 2nd period - Snap shot by Martin Lapointe.
12:54 of 2nd period - Shot Misses the Net.
13:03 of 2nd period - Minor Penalty to Bobby Holik for Hooking.
13:03 of 2nd period - Minor Penalty to Vaclav Prospal for Interference.
13:04 of 2nd period - Mark Recchi wins face-off versus Brad Richards in Rangers zone.
13:07 of 2nd period - Slapshot by Mark Recchi.
13:07 of 2nd period - Shot Blocked by Bryan Berard.
13:09 of 2nd period - Slapshot by Mike Green.
13:09 of 2nd period - Stopped by Henrik Lundqvist with a rebound.
13:57 of 2nd period - Jeremy Roenick is hit by Bret Hedican and loses puck.
14:33 of 2nd period - Icing by Jeremy Roenick.
14:34 of 2nd period - Brad Richards wins face-off versus Chris Higgins in Rangers zone.
15:03 of 2nd period - Penalty to Bobby Holik is over, Bobby Holik is back on ice.
15:03 of 2nd period - Penalty to Vaclav Prospal is over, Vaclav Prospal is back on ice.
15:07 of 2nd period - Brad Richards is hit by Vaclav Prospal.
15:57 of 2nd period - Snap shot by Jozef Stumpel.
15:57 of 2nd period - Stopped by Henrik Lundqvist with a rebound.
16:09 of 2nd period - Wrist shot by Mike Ricci.
16:09 of 2nd period - Shot Misses the Net.
16:17 of 2nd period - Slapshot by Jozef Stumpel.
16:17 of 2nd period - Stopped by Henrik Lundqvist without a rebound.
16:18 of 2nd period - Rod Brind'Amour wins face-off versus Martin Lapointe in Rangers zone.
16:25 of 2nd period - Slapshot by Nathan Dempsey.
16:25 of 2nd period - Stopped by Henrik Lundqvist with a rebound.
16:52 of 2nd period - Off-side.
16:53 of 2nd period - Chris Drury wins face-off versus Patrice Bergeron in neutral zone.
16:58 of 2nd period - Chris Higgins is hit by Ian Laperriere and loses puck.
17:27 of 2nd period - Snap shot by Chris Higgins.
17:27 of 2nd period - Stopped by Henrik Lundqvist with a rebound.
17:29 of 2nd period - Slapshot by Niclas Wallin.
17:29 of 2nd period - Shot Blocked by Matt Greene.
17:31 of 2nd period - Wrist shot by Chris Drury.
17:31 of 2nd period - Stopped by Henrik Lundqvist with a rebound.
17:33 of 2nd period - Wrist shot by Chris Drury.
17:33 of 2nd period - Shot Misses the Net.
17:35 of 2nd period - Snap shot by Adam Deadmarsh.
17:35 of 2nd period - Stopped by Henrik Lundqvist with a rebound.
17:37 of 2nd period - Wrist shot by Adam Deadmarsh.
17:37 of 2nd period - Shot Misses the Net.
17:41 of 2nd period - Wrist shot by Adam Deadmarsh.
17:41 of 2nd period - Shot Misses the Net.
17:43 of 2nd period - Backhand shot by Chris Higgins.
17:43 of 2nd period - Shot Misses the Net.
17:45 of 2nd period - Slapshot by Adam Deadmarsh.
17:45 of 2nd period - Stopped by Henrik Lundqvist with a rebound.
18:00 of 2nd period - Minor Penalty to Niclas Wallin for High sticking.
18:01 of 2nd period - Jeremy Roenick wins face-off versus Mark Recchi in Wild zone.
0:00 of 3rd period - Penalty to Niclas Wallin is over, Niclas Wallin is back on ice.
3rd period
0:01 of 3rd period - Jeremy Roenick wins face-off versus Chris Drury in neutral zone.
0:26 of 3rd period - Brad Richards is hit by Anson Carter.
0:36 of 3rd period - R.J. Umberger is hit by Milan Lucic.
0:50 of 3rd period - Slapshot by Kyle McLaren.
0:50 of 3rd period - Stopped by Martin Brodeur with a rebound.
0:52 of 3rd period - Snap shot by Martin Lapointe.
0:52 of 3rd period - Stopped by Martin Brodeur with a rebound.
0:54 of 3rd period - Wrist shot by Martin Lapointe.
0:54 of 3rd period - Stopped by Martin Brodeur with a rebound.
0:56 of 3rd period - Snap shot by Martin Lapointe.
0:56 of 3rd period - Goal by Martin Lapointe - Wild : 0 - Rangers : 4.
0:56 of 3rd period - Jamie Storr enters game.
0:57 of 3rd period - Chris Drury wins face-off versus Jeremy Roenick in neutral zone.
1:46 of 3rd period - Kyle McLaren is hit by R.J. Umberger and loses puck.
1:53 of 3rd period - Milan Lucic is hit by Vaclav Prospal.
2:05 of 3rd period - Slapshot by Chris Higgins.
2:05 of 3rd period - Shot Misses the Net.
4:45 of 3rd period - Slapshot by Kimmo Timonen.
4:45 of 3rd period - Stopped by Jamie Storr with a rebound.
4:47 of 3rd period - Slapshot by Mike Commodore.
4:47 of 3rd period - Stopped by Jamie Storr without a rebound.
4:48 of 3rd period - Johan Franzen wins face-off versus Mike Ricci in Wild zone.
4:49 of 3rd period - Snap shot by Milan Lucic.
4:49 of 3rd period - Stopped by Jamie Storr without a rebound.
4:50 of 3rd period - Bobby Holik wins face-off versus Mike Ricci in Wild zone.
4:56 of 3rd period - Minor Penalty to Chris Higgins for Roughing.
4:57 of 3rd period - Johan Franzen wins face-off versus Mark Recchi in Wild zone.
6:56 of 3rd period - Penalty to Chris Higgins is over, Chris Higgins is back on ice.
7:02 of 3rd period - Snap shot by Bobby Holik.
7:02 of 3rd period - Stopped by Jamie Storr with a rebound.
7:04 of 3rd period - Wrist shot by Martin Lapointe.
7:04 of 3rd period - Stopped by Jamie Storr without a rebound.
7:05 of 3rd period - Vaclav Prospal wins face-off versus Bobby Holik in Wild zone.
7:24 of 3rd period - Slapshot by Bobby Holik.
7:24 of 3rd period - Stopped by Jamie Storr without a rebound.
7:25 of 3rd period - Jeremy Roenick wins face-off versus Mike Ricci in Wild zone.
7:57 of 3rd period - Slapshot by Mark Recchi.
7:57 of 3rd period - Stopped by Henrik Lundqvist with a rebound.
7:59 of 3rd period - Snap shot by Fedor Tyutin.
7:59 of 3rd period - Stopped by Henrik Lundqvist without a rebound.
8:00 of 3rd period - Chris Drury wins face-off versus Jeremy Roenick in Rangers zone.
8:03 of 3rd period - Wrist shot by Mark Recchi.
8:03 of 3rd period - Stopped by Henrik Lundqvist with a rebound.
8:55 of 3rd period - Fedor Tyutin is hit by Patrice Bergeron and loses puck.
9:14 of 3rd period - Martin Lapointe is hit by Mike Knuble and loses puck.
9:18 of 3rd period - Minor Penalty to Kimmo Timonen for Interference.
9:19 of 3rd period - Chris Drury wins face-off versus Brad Richards in Rangers zone.
10:40 of 3rd period - Bret Hedican is hit by Jarkko Ruutu and loses puck.
11:18 of 3rd period - Penalty to Kimmo Timonen is over, Kimmo Timonen is back on ice.
12:18 of 3rd period - Chris Higgins is hit by Patrick Sharp and loses puck.
12:49 of 3rd period - Wrist shot by Patrice Bergeron.
12:49 of 3rd period - Stopped by Jamie Storr with a rebound.
12:51 of 3rd period - Snap shot by Matt Greene.
12:51 of 3rd period - Shot Misses the Net.
12:55 of 3rd period - Snap shot by Patrice Bergeron.
12:55 of 3rd period - Stopped by Jamie Storr with a rebound.
12:57 of 3rd period - Snap shot by Mike Commodore.
12:57 of 3rd period - Stopped by Jamie Storr with a rebound.
12:59 of 3rd period - Slapshot by Matt Greene.
12:59 of 3rd period - Shot Misses the Net.
16:04 of 3rd period - Chris Drury is hit by Patrice Bergeron and loses puck.
16:47 of 3rd period - Martin Lapointe is hit by Fedor Tyutin and loses puck.
18:21 of 3rd period - Wrist shot by Johan Franzen.
18:21 of 3rd period - Goal by Johan Franzen - Wild : 0 - Rangers : 5.
18:22 of 3rd period - Chris Drury wins face-off versus Jeremy Roenick in neutral zone.
18:36 of 3rd period - Icing by Ian Laperriere.
18:37 of 3rd period - Jeremy Roenick wins face-off versus Vaclav Prospal in Rangers zone.
18:48 of 3rd period - Snap shot by Jeremy Roenick.
18:48 of 3rd period - Shot Misses the Net.
18:50 of 3rd period - Backhand shot by Cam Barker.
18:50 of 3rd period - Shot Misses the Net.
18:52 of 3rd period - Wrist shot by Cam Barker.
18:52 of 3rd period - Shot Misses the Net.
18:54 of 3rd period - Snap shot by Patrick Sharp.
18:54 of 3rd period - Stopped by Jamie Storr without a rebound.
18:55 of 3rd period - Chris Drury wins face-off versus Brad Richards in Wild zone.
19:25 of 3rd period - Jarkko Ruutu is hit by Jozef Stumpel and loses puck.
19:38 of 3rd period - Snap shot by Chris Drury.
19:38 of 3rd period - Stopped by Henrik Lundqvist with a rebound.
Output by the SimonT Hockey Simulator (STHS) for François Prévost -- Original Page W3C XHTML 1.0 Valid